[Event "Swedish Championship 2022"]
[Site "Uppsala"]
[Date "2022.07.08"]
[Round "7.2"]
[White "Johansson, Linus"]
[Black "Hillarp Persson, Tiger"]
[Result "0-1"]
[ECO "E27"]
[WhiteElo "2468"]
[BlackElo "2516"]
[Annotator "TA"]
[PlyCount "74"]
[EventDate "2022.07.01"]
[EventType "tourn"]
[EventCountry "SWE"]
[SourceTitle "playchess.com"]
[Source "ChessBase"]
[SourceQuality "1"]
[TimeControl "40/5400+30:1800+30"]

1. d4 Nf6 2. c4 e6 3. Nc3 Bb4 4. e3 O-O 5. a3 Bxc3+ 6. bxc3 b6 7. Bd3 Bb7 8. f3 Ba6 9. e4 Ne8 10. Nh3 Nc6 11. O-O Na5 {[%emt 0:03:16] E27: Nimzo-Indian: Sämisch: 5...0-0 6 f3.} 12. Qe2 $1 f6 {[%emt 0:14:49] [#]} 13. a4 $146 ({Predecessor:} 13. e5 c5 14. Ra2 Rc8 15. Rc2 Qc7 16. Re1 cxd4 17. cxd4 Bxc4 18. Bd2 b5 19. Qe4 f5 20. Qh4 {1-0 (36) Khenkin,I (2632)-Urkedal,F (2414) Tromsoe 2010}) 13... c5 {[%emt 0:04:04] White is slightly better.} 14. Ba3 Rc8 15. Nf2 (15. e5 $11) 15... Rf7 $1 $15 16. dxc5 (16. Rac1 $11 {keeps the balance.}) 16... Nb3 $17 {[%emt 0:01:45] White is now going downhill.} 17. Ra2 Nxc5 18. Bxc5 Rxc5 19. a5 bxa5 20. Rfa1 (20. Nd1 $17) 20... Nd6 $19 21. Nd1 Bxc4 22. Bxc4 Nxc4 (22... Rxc4 23. Rxa5 Rc7 24. Rxa7 $11) 23. Ne3 Nxe3 24. Qxe3 Qc7 25. Qd2 f5 ({Inferior is} 25... Rxc3 26. Rxa5 d6 27. h3 $17) (25... Rh5 26. h3) 26. c4 fxe4 (26... Rxc4 $2 27. Qxa5 Rc1+ 28. Kf2 $19) 27. Rxa5 Rxa5 ({Not} 27... exf3 $2 28. Rxa7 f2+ 29. Qxf2 Rxf2 30. Rxc7 Rxg2+ 31. Kxg2 $19) 28. Qxa5 Qxa5 29. Rxa5 exf3 {[%emt 0:00:11][%mdl 4096] Endgame KR-KR} 30. g3 $2 {[%emt 0:00:15] [#]} (30. Rxa7 {might work better.} d5 31. Ra8+ Rf8 32. Ra4) 30... f2+ 31. Kf1 Kf8 ({Avoid the trap} 31... d6 $2 32. Ra6 $19) 32. Rxa7 Ke8 33. c5 e5 34. Rb7 Rf6 35. Rb8+ $2 (35. c6 Rxc6 36. Rb5) 35... Ke7 {[%emt 0:00:08] [#] ...e4 is the strong threat. Black is clearly winning.} 36. Rg8 Rf7 37. Rc8 e4 {[%emt 0:03:56] Weighted Error Value: White=0.82/Black=0.05 (flawless)} 0-1

[Event "Swedish Championship 2022"]
[Site "Uppsala"]
[Date "2022.07.08"]
[Round "7.4"]
[White "Seo, Jung Min"]
[Black "Hector, Jonny"]
[Result "1/2-1/2"]
[ECO "C84"]
[WhiteElo "2492"]
[BlackElo "2441"]
[Annotator "TA"]
[PlyCount "144"]
[EventDate "2022.07.01"]
[EventType "tourn"]
[EventCountry "SWE"]
[SourceTitle "playchess.com"]
[Source "ChessBase"]
[SourceQuality "1"]
[TimeControl "40/5400+30:1800+30"]

1. e4 e5 2. Nf3 Nc6 3. Bb5 a6 4. Ba4 Nf6 5. O-O Nxe4 6. d4 Be7 7. Re1 b5 8. Rxe4 {[%emt 0:00:24] C84: Closed Ruy Lopez: Unusual White 6th moves.} d5 {[%emt 0:00:13] [#]} 9. Nxe5 $1 Nxe5 10. Rxe5 {[%emt 0:00:02] And now Bb3 would win. White is slightly better.} bxa4 11. b3 {[%emt 0:15:54] With the idea Ba3.} O-O 12. Ba3 (12. bxa4 Bf6 13. Re1 Re8 $11) 12... Bxa3 13. Nxa3 Qd6 {[%emt 0:01:05] Hoping for ...f6.} 14. Nb1 $1 axb3 15. axb3 c5 16. Nc3 Bb7 17. Na4 {[%emt 0:03:58] [#]} Rac8 $146 ({Predecessor:} 17... cxd4 18. Qxd4 Rac8 19. c3 Rc7 20. h3 h6 21. Rae1 a5 22. R1e3 Rcc8 23. Nb6 Rcd8 {½-½ (42) Fedorchuk,S (2621)-Arnaudov,P (2478) Germany 2020}) 18. Re2 (18. Nxc5 $2 Rxc5 19. Qd3 Rc7 $19) 18... cxd4 19. Qxd4 Rfe8 20. Rxe8+ Rxe8 21. h3 h5 22. Nc5 Bc8 23. c4 Re5 (23... Qg6 $14 {is superior.}) 24. Nd3 {[%emt 0:05:34] White is more active.} (24. Rd1 $1 $16) 24... Re4 $1 $11 25. Qxd5 Qxd5 26. cxd5 {[%emt 0:00:03][%mdl 4096] Endgame KRB-KRN} Rd4 27. Nc5 Rxd5 28. Nxa6 Rb5 29. Nc7 Rb7 30. Nd5 {[%emt 0:00:09] Strongly threatening Ra8.} Kh7 31. Nf4 Rxb3 32. Nxh5 Bb7 33. Re1 Rb4 34. Ng3 g6 35. f3 Kg7 36. Nf1 Rb2 37. Ne3 Ba8 38. Rd1 Re2 39. Nc4 Bc6 40. Rd4 Ba4 41. Nb6 Bb3 42. Nc8 Rc2 43. Nd6 Rc1+ 44. Kf2 Rd1 45. Rxd1 Bxd1 $16 {[%emt 0:00:07] [#] KB-KN} 46. h4 $1 Ba4 47. Ke3 Kf6 48. Kf4 Bc2 $2 (48... Ke7 $16) 49. Ne4+ $18 Kg7 {[%emt 0:00:00] [#]} 50. Kg5 {[%emt 0:00:00] Prevents f6+.} (50. Ke5 $1 $18 {and the rest is easy.} Bd1 51. Nf6) 50... Bd3 51. Nf6 Be2 52. f4 Bd3 53. g3 Bc2 54. g4 Bb1 55. Ne8+ Kf8 56. Nf6 Kg7 $1 57. f5 (57. h5 $142 {White wants to mate with h6+.} gxh5 58. Nxh5+ (58. gxh5 Bd3 $16) 58... Kg8 59. Ng3) 57... gxf5 $16 58. gxf5 Bc2 59. Ne8+ ({Much less strong is} 59. h5 Bd1 60. Ne4 Bf3) 59... Kh7 60. Nd6 (60. f6 $16) 60... f6+ $1 $11 {[%emt 0:00:00] The position is equal.} 61. Kxf6 {[%emt 0:00:00] Intending Kg5 and mate.} Kh6 62. Ke7 Kh5 63. f6 {[%emt 0:00:00] f7 would kill now.} Bg6 {[%emt 0:00:00] [#]} (63... Kxh4 {leads to mate.} 64. f7 Kh3 65. f8=Q Kg3 66. Qg7+ Kf4 67. Qd4+ Kg3 68. Qc3+ Kh4 69. Qxc2) 64. Nf5 $1 {[%emt 0:00:00] White threatens f7 and mate.} Kg4 65. Nh6+ Kxh4 66. Kf8 Kg5 67. Kg7 Bh5 68. Nf7+ Kf5 69. Nd6+ Ke5 70. Nc4+ Kf4 71. f7 Bxf7 $1 72. Nd6 Ba2 {[%emt 0:00:10] Blacks defense is rewarded with a draw.  Weighted Error Value: White=0.29 (precise) /Black=0.22 (precise)} 1/2-1/2

[Event "Swedish Championship 2022"]
[Site "Uppsala"]
[Date "2022.07.08"]
[Round "7.5"]
[White "Smith, Axel"]
[Black "Blomqvist, Erik"]
[Result "1-0"]
[ECO "A22"]
[WhiteElo "2417"]
[BlackElo "2521"]
[Annotator "TA"]
[PlyCount "173"]
[EventDate "2022.07.01"]
[EventType "tourn"]
[EventCountry "SWE"]
[SourceTitle "playchess.com"]
[Source "ChessBase"]
[SourceQuality "1"]
[TimeControl "40/5400+30:1800+30"]

1. c4 e5 2. Nc3 Nf6 3. Nf3 e4 4. Ng5 c6 5. Ngxe4 Nxe4 6. Nxe4 {[%emt 0:00:01] A22: English Opening: 1...e5 2 Nc3 Nf6.} d5 7. Nc3 ({White should play} 7. cxd5 $14 cxd5 8. Ng3 (8. Qa4+ $2 Bd7 $19)) 7... dxc4 $11 8. e3 {[%emt 0:01:04] The position is equal.} Be6 9. d3 cxd3 10. Bxd3 Nd7 11. O-O {[%emt 0:01:16] [#]} g6 $146 ({Predecessor:} 11... Qc7 12. f4 O-O-O 13. Qc2 Nc5 14. Be2 Qb6 15. Kh1 g6 16. e4 f5 17. Be3 Qb4 {½-½ (31) Rieke,T (1970)-Tripolsky,E (2207) Germany 2016}) 12. b3 Bg7 13. Bb2 Nc5 14. Na4 Bxb2 15. Nxb2 Qg5 16. Bc4 Rd8 17. Qe2 Bf5 18. Rfd1 O-O 19. f3 a5 (19... b5 $5 20. Bd3 Bxd3 21. Nxd3 Nxd3 22. Rxd3 Rxd3 23. Qxd3 Rd8 $11) 20. Qf2 Bc8 (20... b5 $5 21. Bf1 (21. e4 Bc8 $11) 21... Bc8 $11) 21. Rxd8 Rxd8 22. Rd1 Rxd1+ 23. Nxd1 b5 24. Bf1 Qd8 25. Qc2 Qd6 26. Nf2 Bf5 27. Qb2 b4 28. Bc4 h5 29. Qd4 Qxd4 30. exd4 {[%emt 0:00:01][%mdl 4096] Endgame KBN-KBN} Nd7 31. Nd3 Kf8 32. Kf2 Ke7 33. Ke3 g5 34. Kd2 f6 35. Nb2 c5 36. Bd3 Be6 37. Ke3 Kd6 38. Bc4 Bf5 39. Bd3 Bxd3 40. Nxd3 f5 $1 41. Nxc5 Nxc5 42. dxc5+ Kxc5 {[%emt 0:00:14] KP-KP} 43. h4 gxh4 44. Kf4 Kd4 {[%emt 0:00:02] And now ...Kc3 would win.} 45. Kxf5 Kc3 46. f4 {[%emt 0:00:14] Ke4 would kill now.} Kb2 47. Kg5 $1 Kxa2 48. f5 a4 $1 (48... Kxb3 $2 49. f6 h3 50. gxh3 $18) 49. bxa4 {[%emt 0:00:25] Threatens to win with a5. K3P-K3P} b3 50. f6 b2 51. f7 b1=Q {[%emt 0:00:06] ( -> ...Qf1)} 52. f8=Q {[%emt 0:00:03] Prevents Qf1. KQ-KQ} Qe4 (52... Qd1 $1 $11 {remains equal.}) 53. Qf2+ ({Don't play} 53. Kxh5 $6 Qxg2 54. Qf7+ Ka3 $11) (53. Qg8+ $1 $16 Kb2 54. Kxh5) 53... Kb3 54. Kxh5 h3 55. Qg3+ ({Don't do} 55. gxh3 $6 Qh7+ 56. Kg4 Qg6+ 57. Kf3 Qh5+ 58. Kg3 Qg6+ 59. Kh2 Kxa4 $16) 55... Kxa4 56. Qxh3 Qh7+ 57. Kg5 (57. Kg4 $5 Qe4+ 58. Kg3 Qe3+ 59. Kh2 Qf4+ 60. g3 $16) 57... Qg7+ 58. Kf5 (58. Kf4 $5 ) 58... Qf7+ 59. Ke5 {[%emt 0:00:43] Qg4+ is the strong threat.} (59. Ke4 $5 ) 59... Qg7+ 60. Ke4 Qg6+ 61. Ke3 {[%emt 0:00:09] Strongly threatening Qd7+.} Qg5+ 62. Ke2 {[%emt 0:00:28] Black must now prevent Qd7+.} Kb5 63. Qb3+ Kc6 (63... Ka5 $1 $11) 64. Qe6+ $1 $16 Kc7 65. Kf3 {[%emt 0:01:29] Hoping for g4.} Kd8 (65... Qg7 $16 {was called for.} 66. g4 Qg5) 66. g3 $2 (66. Qb6+ $18 Kc8 67. Qa6+ Kb8 68. Qe6) 66... Qh5+ $2 (66... Qc1 $11) 67. g4 $2 (67. Kf4 $1 $16 {White wants to mate with Qf6+.} Qh2 68. Qe5) 67... Qg5 $2 {[%emt 0:04:01][%mdl 8192] Against Qf6+} (67... Qh2 $11 {and Black has nothing to worry.}) 68. Ke4 $18 Qc5 69. Kf4 $1 {[%emt 0:00:38] Prevents Qg5+.} Qf8+ (69... Qf2+ $142 70. Kg5 Qg2) 70. Kg5 $1 Qg7+ {[%emt 0:00:04] [#]} 71. Kh5 $1 Qh7+ {[%emt 0:00:28] [#]} 72. Qh6 $1 Qf7+ 73. Qg6 Qf3 $2 (73... Qa2 $1 $11) 74. Qe6 $2 (74. Qf5 $18 Qe2 75. Kg6) 74... Qd3 $2 (74... Qg2 $11 75. g5 Qh2+ 76. Kg6 Qg3 77. Qf6+ Ke8 78. Qf7+ Kd8 79. Qf6+ Kc7) 75. Kh6 (75. Qf6+ $142 Kc7 76. Qe7+ Kc8 77. g5) 75... Qh3+ 76. Kg7 Qg3 77. Kf7 Qc7+ 78. Kg6 {[%emt 0:00:13] Intending Qg8+ and mate.} Qc2+ 79. Kg7 Qc5 $2 (79... Qg2 80. Qf6+ Ke8 81. Qg6+ Kd8) 80. Qf6+ Kc7 81. g5 Qe3 82. g6 {[%emt 0:00:08] Threatening mate with Kf8.} Kd7 83. Kh7 $2 (83. Qf5+ Ke7 84. Kh8) 83... Qe4 84. Qf7+ Kd8 $2 (84... Kc6 85. Kg8 Kb6 86. Qf6+ Kc7) 85. Kg8 Qh4 86. Qe6 Qh6 87. Qf6+ {[%emt 0:00:37] Weighted Error Value: White=0.08 (flawless) /Black=0.06 (flawless)} 1-0

[Event "Swedish Championship 2022"]
[Site "Uppsala"]
[Date "2022.07.09"]
[Round "8.2"]
[White "Hillarp Persson, Tiger"]
[Black "Carlsson, Ludvig"]
[Result "1/2-1/2"]
[ECO "A07"]
[WhiteElo "2516"]
[BlackElo "2399"]
[Annotator "TA"]
[PlyCount "77"]
[EventDate "2022.07.01"]
[EventType "tourn"]
[EventCountry "SWE"]
[SourceTitle "playchess.com"]
[Source "ChessBase"]
[SourceQuality "1"]
[TimeControl "40/5400+30:1800+30"]

1. Nf3 d5 2. d3 Nc6 3. g3 e5 4. Bg2 Nf6 5. O-O a5 6. Nc3 {[%emt 0:07:26] A07: Réti Opening: New York and Capablanca Systems.} h6 7. e4 dxe4 8. dxe4 Qxd1 9. Rxd1 {[%emt 0:00:10] [#] Nb5 is the strong threat.} Bd6 $146 ({Black should play} 9... Be6 $11) ({Predecessor:} 9... Bg4 10. Be3 Nb4 11. Rd2 Bd6 12. Ne1 Bd7 13. f3 a4 14. Bf1 a3 15. b3 Ra5 {½-½ (57) Hennings,A (2445)-Portisch,F (2425) Trencianske Teplice 1981}) 10. h3 (10. Nb5 $5 Ke7 11. Nh4 $14 (11. Nxd6 cxd6 12. Ne1 Bd7 $14)) 10... Be6 11. Be3 O-O-O 12. a3 {[%emt 0:06:04] Prevents Bb4.} Be7 13. Bf1 Rxd1 14. Rxd1 Rd8 15. Rxd8+ Kxd8 16. Bb5 {[%emt 0:07:17] Strongly threatening Bxc6.} Nd7 17. Bxc6 bxc6 18. h4 c5 19. Nd2 c4 {[%emt 0:00:38] Against Nb3} 20. Nd5 c6 (20... Bxd5 $5 21. exd5 c3 22. bxc3 Nf6 $11) 21. Nxe7 Kxe7 $14 {[%emt 0:00:07][%mdl 4096] Endgame KBN-KBN} 22. Nb1 Bg4 23. Bd2 Bf3 24. Bxa5 Bxe4 25. Nd2 Bxc2 26. Nxc4 Ke6 27. f3 f5 28. Kf2 Bd1 29. Bc3 g5 30. hxg5 hxg5 31. Ne3 Bb3 32. f4 exf4 33. gxf4 g4 34. Nf1 Nc5 35. Ng3 Bc2 36. Ke3 Ne4 37. Nxe4 Bxe4 38. Kf2 Kd7 39. Kg3 {[%emt 0:00:21] Weighted Error Value: White=0.08 (flawless) /Black=0.08 (flawless)} 1/2-1/2

[Event "Swedish Championship 2022"]
[Site "Uppsala"]
[Date "2022.07.09"]
[Round "8.3"]
[White "Blomqvist, Erik"]
[Black "Johansson, Linus"]
[Result "1-0"]
[ECO "C18"]
[WhiteElo "2521"]
[BlackElo "2468"]
[Annotator "TA"]
[PlyCount "123"]
[EventDate "2022.07.01"]
[EventType "tourn"]
[EventCountry "SWE"]
[SourceTitle "playchess.com"]
[Source "ChessBase"]
[SourceQuality "1"]
[TimeControl "40/5400+30:1800+30"]

1. e4 e6 2. d4 d5 3. Nc3 Bb4 4. e5 c5 5. a3 Bxc3+ 6. bxc3 Ne7 7. Qg4 Qc7 8. Bd3 c4 9. Be2 (9. Qxg7 $2 Rg8 10. Qxh7 cxd3 11. Qxd3 b6 $17) 9... Qa5 {[%emt 0:00:05] C18: French: 3 Nc3 Bb4: Main line: 7 h4 and 7 Qg4.} 10. Bd2 ({Not} 10. Qxg7 $2 Qxc3+ 11. Bd2 (11. Kf1 $2 Rg8 $19) 11... Qxa1+ $19) 10... Nf5 11. h4 $1 {[%emt 0:00:32][%mdl 4] is currently scoring better than 11.Nf3.} Bd7 {[%emt 0:13:38] The position is equal.} 12. h5 h6 13. a4 Nc6 14. Nf3 {[%emt 0:01:27] [#]} Rg8 $146 ({Predecessor:} 14... O-O-O 15. O-O g5 16. Qh3 f6 17. exf6 Rhf8 18. Rfd1 Rxf6 19. Nh2 e5 20. Ng4 Re6 21. dxe5 Nxe5 22. Nxe5 Rxe5 {½-½ (45) Sturt,R (2462)-Hari,M (2253) Arandjelovac 2021}) 15. Nh4 Nfe7 16. Qh3 O-O-O 17. Bg4 Kb8 18. f4 Rde8 19. Qe3 (19. Ke2 {is interesting.} g6 20. Rhb1 Nf5 21. hxg6 fxg6 22. Nxf5 gxf5 23. Bf3) 19... g6 20. Qf2 Ka8 21. Nf3 Rh8 22. Rh3 Nd8 23. Nh2 Bxa4 24. Bd1 b5 25. Ng4 Qc7 26. Nf6 {[%emt 0:05:05] [#] Strongly threatening hxg6.} Ref8 27. g4 Ng8 28. Nxg8 Rfxg8 29. Bc1 Nc6 30. Ba3 Qd8 31. Kd2 f6 (31... f5 $11) 32. hxg6 $16 Rxg6 33. Bd6 Qg8 (33... Rhg8 $142) 34. Bf3 {[%emt 0:00:33] White is more active.} Rxg4 35. exf6 Rg6 36. Be5 Qf8 (36... Rh7 {was necessary.}) 37. f5 $18 ({And not} 37. f7 Nxe5 38. fxe5 Rh7 $14) 37... Rxf6 38. Bxf6 Qxf6 39. Rh5 {[%emt 0:02:14] [#] fxe6 is the strong threat.} Ne7 $2 (39... Rf8 {is tougher.} 40. Qe3 Kb8 41. Qf4+ (41. Qxh6 Qxh6+ 42. Rxh6 Rxf5 $16) 41... e5 42. Qxh6 Kc7) 40. Re1 exf5 41. Qe3 ({Weaker is} 41. Rxe7 Qxe7 42. Bxd5+ Kb8 $18) 41... Rh7 42. Qe6 {[%emt 0:00:35] Inhibits Qd6.} Qxe6 43. Rxe6 Kb7 44. Rexh6 Rxh6 45. Rxh6 {[%emt 0:00:03][%mdl 4096] Endgame Black must now prevent Rh7. KRB-KBN} Kc7 46. Ra6 Kd7 47. Rxa7+ Ke6 48. Ra6+ Kd7 49. Rf6 Kc7 50. Kc1 Kd7 51. Kb2 Kc7 52. Bd1 Kd7 (52... b4 $142 53. cxb4 Be8) 53. Ka3 Kc8 54. Kb4 Kc7 55. Kc5 Kd7 56. Ra6 Kc7 57. Rh6 Kd7 58. Ra6 Kc7 $1 59. Rd6 {[%emt 0:00:22] White is clearly winning.} Kc8 60. Kb6 Kb8 61. Rd8+ Nc8+ 62. Kc5 {[%emt 0:00:10] Weighted Error Value: White=0.17 (very precise) /Black=0.40} 1-0

[Event "Swedish Championship 2022"]
[Site "Uppsala"]
[Date "2022.07.10"]
[Round "9.2"]
[White "Carlsson, Ludvig"]
[Black "Blomqvist, Erik"]
[Result "1/2-1/2"]
[ECO "E11"]
[WhiteElo "2399"]
[BlackElo "2521"]
[Annotator "TA"]
[PlyCount "132"]
[EventDate "2022.07.01"]
[EventType "tourn"]
[EventCountry "SWE"]
[SourceTitle "playchess.com"]
[Source "ChessBase"]
[SourceQuality "1"]
[TimeControl "40/5400+30:1800+30"]

1. d4 Nf6 2. c4 e6 3. Nf3 Bb4+ 4. Bd2 Bxd2+ 5. Qxd2 d5 6. Nc3 O-O 7. e3 Qe7 8. cxd5 exd5 9. Bd3 b6 {[%emt 0:01:05] E11: Bogo-Indian.} 10. O-O Bb7 11. Ne5 c5 12. f4 Nc6 13. Rad1 Rad8 {[%emt 0:02:55] [#]} 14. Bb1 $146 ({Predecessor:} 14. Qf2 cxd4 15. exd4 Nb4 16. Bb1 Ne4 17. Qf3 f6 18. Ng4 Rfe8 19. Rfe1 Qf7 20. Qh3 {½-½ (34) Egorov,V (2327)-Sorcinelli,A (2161) LSS email 2014}) 14... Qe6 15. Qe1 Ne7 16. f5 Qd6 17. Qh4 Rfe8 (17... Nc6 $11 {keeps the balance.}) 18. Nb5 $16 Qb8 19. Rf3 {[%emt 0:00:17] 0x0.0022fcc3ddc2dp-1022s more active pieces.} (19. g4 $1 $16 ) 19... Nc6 $11 20. Ng4 (20. Rg3 Nxe5 21. Qxf6 Nf3+ $1 22. gxf3 (22. Kh1 $2 Qxg3 23. hxg3 gxf6 $19) 22... Qxg3+ $3 23. hxg3 gxf6 $17) 20... Nxg4 21. Qxg4 f6 $1 (21... g6 $2 22. fxg6 fxg6 23. Bxg6 $1 $18 ) 22. Rg3 Rd7 23. Nc3 {[%emt 0:00:36][%cal Oc3d5] Strongly threatening Nxd5!} cxd4 24. exd4 Na5 25. Bd3 (25. b3 $5 ) 25... Nc4 26. Bxc4 ({White should try} 26. Rc1 $11) 26... dxc4 $15 27. d5 Qc7 $1 28. Qd4 Re5 $1 29. Re3 Rxf5 30. Re8+ Kf7 31. Qe4 (31. Qe3 $17) 31... Qf4 (31... Re5 32. Rxe5 Qxe5 33. Qxc4 $11) (31... Qc5+ $1 $19 {and Black stays clearly on top.} 32. Qe3 (32. Kh1 $2 Bxd5 33. Nxd5 Qxd5 $19) 32... Qxe3+ 33. Rxe3 a6) 32. Qe6+ Kg6 33. h3 (33. Qxd7 $2 {leads to mate.} Qf2+ 34. Kh1 Qf1+ $3 35. Rxf1 Rxf1#) 33... Rd6 ({Better is} 33... Qf2+ $1 $17 34. Kh1 Rg5 $1) 34. Qg8 $2 (34. Qe2 $11 {and White has nothing to worry.} Bxd5 35. Qg4+ Qxg4 36. hxg4) 34... Qf2+ $2 (34... Re5 $1 $19 {Hoping for ...Qe3+.} 35. Rd8 (35. Rf8 $2 Bxd5 36. Nxd5 Rdxd5 $19) 35... Re3) 35. Kh1 $11 {[%emt 0:00:01] White wants to mate with Re7. Chess con chili.} Rg5 36. Re2 Qf5 {[%emt 0:01:17] [#]} (36... Qf4 $1 $11 37. Re7 Kh6 38. Rxb7 Qg3) 37. Re7 $2 (37. Qe8+ $1 $16 Kh6 38. Qe3) 37... Bxd5 $15 {[%emt 0:00:59] ( -> ...Qxh3+)} 38. Nxd5 $2 {[%emt 0:00:47] [#]} (38. Qxg7+ $15 Kh5 39. Qxh7+ Qxh7 40. Rxh7+ Kg6 41. Rxa7 Bxg2+ 42. Kh2) 38... Rxd5 $2 (38... Kh6 $1 $19 {...b5 is the strong threat.} 39. a4 Rxd5 40. Qxd5 Qxd5 41. Rxd5 Rxd5 42. Rxa7 Rd2) 39. Qxg7+ $11 {[%emt 0:02:13] The position is equal.} Kh5 40. Qxh7+ Qxh7 41. Rxh7+ Kg6 42. Rxd5 Rxd5 43. Rxa7 {[%emt 0:03:48][%mdl 4096] Endgame KR-KR} Rd2 44. Ra4 Rxb2 45. Rxc4 Rxa2 46. Rb4 Ra6 47. Kh2 Kg5 48. h4+ Kh5 49. Kh3 f5 50. Rb5 Kg6 51. g3 Kf6 $1 52. Rb1 Kg6 53. Rb4 Kf6 54. Rb3 Kg6 55. Kg2 Kf6 56. Kf3 Ke5 57. Rb5+ Kf6 58. Kg2 Kg6 59. Kh2 Kf6 60. Kh3 Kg6 61. Rd5 Ra3 62. Rd6+ Kg7 63. Rxb6 f4 $1 64. Rb4 Rxg3+ 65. Kh2 Rg4 66. Kh3 Rg3+ {[%emt 0:00:00] Weighted Error Value: White=0.30/Black=0.27 (precise)} 1/2-1/2

[Event "Swedish Championship 2022"]
[Site "Uppsala"]
[Date "2022.07.10"]
[Round "9.3"]
[White "Seo, Jung Min"]
[Black "Hillarp Persson, Tiger"]
[Result "1/2-1/2"]
[ECO "A55"]
[WhiteElo "2492"]
[BlackElo "2516"]
[Annotator "TA"]
[PlyCount "102"]
[EventDate "2022.07.01"]
[EventType "tourn"]
[EventCountry "SWE"]
[SourceTitle "playchess.com"]
[Source "ChessBase"]
[SourceQuality "1"]
[TimeControl "40/5400+30:1800+30"]

1. d4 Nf6 2. c4 d6 3. Nf3 Nbd7 4. Nc3 e5 5. e4 Be7 6. Be2 O-O 7. O-O c6 8. Rb1 Re8 9. b4 exd4 {[%emt 0:08:15] A55: Old Indian Defence with Nf3 and e4.} 10. Nxd4 Bf8 11. Qc2 Ne5 {[%emt 0:05:20] White is slightly better.} 12. Rd1 Qc7 {[%emt 0:00:27] [#]} 13. Bf4 $146 ({Predecessor:} 13. h3 g6 14. Be3 Be6 15. f4 Ned7 16. g4 Nb6 17. Nxe6 Rxe6 18. f5 Ree8 19. Bf4 {1-0 (45) Pastar,S (2307)-Vukic,M (2386) Bosanska Krupa 2018}) 13... Bg4 14. f3 Bd7 15. Bg5 Be7 16. Qd2 Rad8 17. Bf1 h6 18. Be3 Bf8 19. Rbc1 Qb8 20. b5 c5 21. Nb3 b6 22. a4 Be6 $1 23. Nd5 Nxd5 24. exd5 Bf5 25. a5 Be7 26. Re1 Qc7 27. Bf2 Ng6 28. f4 Bf6 29. g3 Qd7 30. Rxe8+ Rxe8 31. Re1 Nf8 32. Rxe8 Qxe8 33. Bd3 Bh3 34. Qe3 Qd7 35. a6 g6 36. Qe2 Nh7 37. Nd2 Bg7 38. Ne4 Nf6 39. Nxf6+ Bxf6 40. Qe4 h5 41. Qe2 Kg7 42. Qc2 Qe8 43. Qe2 Qd8 44. Qc2 Ba1 45. Bf1 Bd7 46. Qd1 Qf6 47. Qd2 (47. Kg2 {feels hotter.} Bg4 48. Qd2 Bc3 49. Qc2) 47... Bc3 48. Qd1 Kf8 49. Be3 Bg4 50. Qd3 Bf5 51. Qd1 Bg4 {[%emt 0:00:00] Weighted Error Value: White=0.05 (flawless) /Black=0.02 (flawless)} 1/2-1/2